 Dungeon Crawl Stone Soup version 0.20-a0-1122-gb7cbeb9 (webtiles) character file.

3796 Fhqwhgads the Geomancer (level 10, 0/58 HPs)
             Began as a Gargoyle Earth Elementalist on May 10, 2017.
             Was a High Priest of Cheibriados.
             Slain by a two-headed ogre
             ... wielding a +0 giant club
              (14 damage)
             ... on level 8 of the Dungeon on May 11, 2017.
             The game lasted 00:17:42 (6692 turns).

Fhqwhgads the Geomancer (GrEE)                      Turns: 6692, Time: 00:17:45

Health: 0/58       AC: 16    Str: 24    XL:     10   Next: 16%
Magic:  14/16      EV: 12    Int: 29    God:    Cheibriados [*****.]
Gold:   575        SH:  0    Dex: 21    Spells: 0/13 levels left

rFire    . . .     SeeInvis +   L - +2 whip (flame)
rCold    . . .     Gourm    .   (no shield)
rNeg     + . .     Faith    .   t - +0 troll leather armour
rPois    ∞         Spirit   .   k - +0 helmet
rElec    +         Reflect  .   (no cloak)
rCorr    .         Harm     .   n - +2 pair of gloves
MR       +....                  m - +0 pair of boots
Stlth    ++........             (no amulet)
Regen    0.6/turn               z - ring of protection from magic
MPRegen  0.2/turn               J - ring of see invisible

@: very slow
A: negative energy resistance 1, electricity resistance, unbreathing,
petrification resistance, rot immunity, AC +7
a: Bend Time, Temporal Distortion, Slouch, Step From Time, Renounce Religion


You were on level 8 of the Dungeon.
You worshipped Cheibriados.
Cheibriados was extremely pleased with you.
You were hungry.

You visited 2 branches of the dungeon, and saw 9 of its levels.
You also visited: Sewer.

You collected 575 gold pieces.

Inventory:

Hand Weapons
 j - a +2 morningstar
 y - a +0 great mace
 I - a +4 flail
 K - a +2 mace of draining
 L - a +2 whip of flaming (weapon)
Missiles
 b - 171 stones (quivered)
Armour
 k - a +0 helmet (worn)
 m - a +0 pair of boots (worn)
 n - a +2 pair of gloves (worn)
 t - a +0 troll leather armour (worn)
 A - a +1 robe
 M - a +0 robe of positive energy
 S - a +0 large shield
Jewellery
 r - an uncursed ring of fire
 z - a ring of protection from magic (left hand)
 E - an uncursed amulet of rage
 J - a ring of see invisible (right hand)
Wands
 C - a wand of enslavement (24/24)
 G - a wand of flame (22/48)
 R - a wand of digging (14/24)
Scrolls
 g - 2 scrolls of remove curse
 l - 4 scrolls of magic mapping
 q - 2 scrolls of random uselessness
 x - a scroll of enchant weapon {unknown}
 B - a scroll of summoning {unknown}
 F - a scroll of teleportation
 N - 2 scrolls of identify
 O - 2 scrolls of fog
 Q - a scroll of blinking
Potions
 a - 6 potions of curing
 f - a potion of haste {unknown}
 i - 2 potions of mutation
 o - 2 potions of might
 p - 2 potions of brilliance {unknown}
 s - a potion of magic {unknown}
 u - 4 potions of degeneration {unknown}
 w - 3 potions of heal wounds {unknown}
 D - 2 potions of ambrosia {unknown}
 P - a potion of invisibility
Books
 e - a book of Geomancy

   Spells                             Type                      Level
   a - Sandblast                      Earth                        1
   b - Passwall                       Transmutation/Earth          2
   c - Stone Arrow                    Conjuration/Earth            3
   d - Petrify                        Transmutation/Earth          4
   e - Lee's Rapid Deconstruction     Earth                        5
 H - a book of Callings

   Spells                             Type                      Level
   a - Summon Small Mammal            Summoning                    1
   b - Call Imp                       Summoning                    2
   c - Call Canine Familiar           Summoning                    3
   d - Summon Guardian Golem          Hexes/Summoning              3
   e - Summon Lightning Spire         Summoning/Air                4
   f - Summon Ice Beast               Ice/Summoning                4
Comestibles
 c - 8 meat rations
 d - 7 bread rations
 h - 4 royal jellies
 v - 10 fruits


   Skills:
 - Level 4.3 Fighting
 - Level 1.5 Dodging
 - Level 2.1 Stealth
 - Level 2.0 Spellcasting
 - Level 3.2 Conjurations
 - Level 0.7 Transmutations
 + Level 12.7 Earth Magic
 + Level 8.8 Invocations


You couldn't memorise any spells.
You knew the following spells:

 Your Spells              Type           Power        Failure   Level  Hunger
a - Sandblast             Erth           ######       1%          1    None
b - Stone Arrow           Conj/Erth      #####.       1%          3    ###....
c - Petrify               Tmut/Erth      #####...     6%          4    ####...
d - Lee's Rapid Deconstr  Erth           ######....   1%          5    ######.


Dungeon Overview and Level Annotations

Branches:
Dungeon (8/15)             Temple (1/1) D:7
   Lair: D:8-11

Altars:
Cheibriados
Elyvilon
Fedhas
Gozag
Hepliaklqana
Makhleb
Okawaru
Qazlal
Ru
Sif Muna
Trog
Vehumet
Wu Jian
Xom
Yredelemnul
Zin
The Shining One
Jiyva


Innate Abilities, Weirdness & Mutations

You are resistant to torment.
Your stone body is resilient. (AC +7)
You are immune to poison.
You resist negative energy. (rN+)
You are resistant to electric shocks. (rElec)
You can survive without breathing.
You are immune to petrification.
You are immune to rotting.


Message History

Unknown command.
Cast which spell? (? or * to list)
Aiming: Sandblast
Press: ? - help, Shift-Dir - straight line, f - two-headed ogre
Aim: a two-headed ogre, wielding a giant club and a giant spiked club The blast of sand hits the two-headed ogre.
The two-headed ogre is lightly wounded.
b - 172 stones
Casting: Sandblast
Confirm with . or Enter, or press ? or * to list all spells.
Aiming: Sandblast
Press: ? - help, Shift-Dir - straight line, f/p - two-headed ogre
Aim: a two-headed ogre, wielding a giant club and a giant spiked club (lightly wounded)
The blast of sand hits the two-headed ogre.
The two-headed ogre is heavily wounded.
b - 171 stones The two-headed ogre hits you with a giant club!
* * * LOW HITPOINT WARNING * * *
The two-headed ogre hits you with a giant spiked club!
You die...

#...........# ##.#......
#...........# .##.....
#...........# .#####..
#.........## #..
##...#...## ## ##.
#####.### ... ... #.#
######..# ##..
####.########c.....###
..#
#........@Oo.oo..........
#.....########o.......###
#.....# #...[.... #######
#........ #........
#........ #........
#........ #........


You could see a two-headed ogre, a centaur and 4 orcs.

Vanquished Creatures
  A cyclops (D:7)
  A troll (D:6)
  Grinder (D:4)
  Purgy (Sewer)
  An orc warrior (D:7)
  A hornet zombie (D:7)
  2 sky beasts
  4 phantoms
  An ogre (D:5)
  A black bear (D:6)
  2 centaurs (D:6)
  A necrophage (D:7)
  4 bullfrogs
  A wyvern zombie (D:8)
  2 scorpions
  5 wights (D:7)
  5 crimson imps
  A bullfrog zombie (D:6)
  5 orc wizards
  4 orc priests
  3 hounds
  2 jellies (D:7)
  2 bullfrog skeletons
  An iguana (D:7)
  3 worker ants
  Natasha (thrice) (D:4)
  A killer bee zombie (D:7)
  A worker ant zombie (D:7)
  A howler monkey skeleton (D:4)
  10 adders
  2 river rats (D:4)
  4 shadow imps
  An adder skeleton (D:5)
  2 adder zombies
  A dart slug (D:3)
  5 worms
  4 leopard geckos
  24 orcs
  2 ball pythons
  8 giant cockroaches
  12 hobgoblins
  3 jackals
  5 quokkas
  7 bats
  9 frilled lizards
  11 goblins
  13 kobolds
  A quokka skeleton (D:6)
  A quokka zombie (D:6)
  10 rats
196 creatures vanquished.

Notes
Turn   | Place    | Note
-------+----------+-------------------------------------------
     0 | D:1      | Fhqwhgads the Gargoyle Earth Elementalist began the quest for the Orb.
     0 | D:1      | Reached XP level 1. HP: 10/10 MP: 3/3
    29 | D:1      | Reached skill level 4 in Earth Magic
   195 | D:1      | Reached XP level 2. HP: 10/15 MP: 5/5
   650 | D:1      | Reached XP level 3. HP: 18/19 MP: 6/6
   652 | D:1      | Reached skill level 5 in Earth Magic
   950 | D:2      | Found a basalt altar of Yredelemnul.
  1183 | D:2      | Found a snail-covered altar of Cheibriados.
  1257 | D:2      | Became a worshipper of Cheibriados the Contemplative
  1483 | D:3      | Reached XP level 4. HP: 24/24 MP: 7/7
  1496 | D:3      | Reached skill level 6 in Earth Magic
  1565 | D:3      | Learned a level 3 spell: Stone Arrow
  1821 | D:3      | Reached * piety under Cheibriados
  1953 | D:3      | Noticed a sky beast
  1958 | D:3      | Killed a sky beast
  1958 | D:3      | Reached skill level 7 in Earth Magic
  1958 | D:3      | Reached XP level 5. HP: 21/28 MP: 4/8
  2098 | D:3      | Reached XP level 6. HP: 17/32 MP: 9/9
  2321 | D:3      | Learned a level 4 spell: Petrify
  2524 | D:3      | Reached ** piety under Cheibriados
  2684 | D:4      | Found a glowing golden altar of the Shining One.
  2684 | D:4      | Found a bloodstained altar of Trog.
  2699 | D:4      | Found a radiant altar of Vehumet.
  2833 | D:4      | Reached skill level 1 in Fighting
  2844 | D:4      | Found a glowing drain.
  2848 | Sewer    | Entered a sewer
  2877 | Sewer    | Noticed Purgy
  2881 | Sewer    | Killed Purgy
  2881 | Sewer    | Reached skill level 8 in Earth Magic
  2881 | Sewer    | Reached XP level 7. HP: 40/40 MP: 6/10
  3333 | D:4      | Found a sacrificial altar of Ru.
  3426 | D:4      | Noticed Natasha
  3431 | D:4      | Killed Natasha
  3505 | D:4      | Noticed Natasha
  3518 | D:4      | Killed Natasha
  3780 | D:4      | Noticed Grinder
  3782 | D:4      | Reached *** piety under Cheibriados
  3785 | D:4      | Killed Grinder
  3785 | D:4      | Reached skill level 9 in Earth Magic
  3785 | D:4      | Reached XP level 8. HP: 44/48 MP: 6/11
  3818 | D:4      | Noticed Natasha
  3824 | D:4      | Killed Natasha
  3861 | D:5      | Entered Level 5 of the Dungeon
  3873 | D:5      | Reached skill level 1 in Invocations
  4048 | D:5      | Found an ornate altar of the Wu Jian Council.
  4050 | D:5      | Found a bloodstained altar of Trog.
  4050 | D:5      | Found a stormy altar of Qazlal.
  4052 | D:5      | Found a hazy altar of Hepliaklqana.
  4052 | D:5      | Found a shimmering altar of Xom.
  4052 | D:5      | Found a blossoming altar of Fedhas.
  4140 | D:5      | Found a burning altar of Makhleb.
  4362 | D:5      | Found a blossoming altar of Fedhas.
  4453 | D:6      | Reached skill level 10 in Earth Magic
  4537 | D:6      | Noticed a troll
  4541 | D:6      | Reached **** piety under Cheibriados
  4544 | D:6      | Killed a troll
  4544 | D:6      | Reached skill level 5 in Invocations
  4544 | D:6      | Reached XP level 9. HP: 15/52 MP: 4/13
  4805 | D:6      | Reached skill level 11 in Earth Magic
  4920 | D:6      | Found a white marble altar of Elyvilon.
  5109 | D:6      | Found an ornate altar of the Wu Jian Council.
  5286 | D:7      | Noticed a cyclops
  5298 | D:7      | Killed a cyclops
  5537 | D:7      | Reached skill level 12 in Earth Magic
  5569 | D:7      | Reached ***** piety under Cheibriados
  5748 | D:7      | Found a staircase to the Ecumenical Temple.
  5784 | D:7      | Reached XP level 10. HP: 41/58 MP: 16/16
  5792 | Temple   | Entered the Ecumenical Temple
  6037 | D:7      | Learned a level 5 spell: Lee's Rapid Deconstruction
  6300 | D:8      | Found an opulent altar of Gozag.
  6571 | D:8      | Found a deep blue altar of Sif Muna.
  6674 | D:8      | Noticed a two-headed ogre
  6692 | D:8      | Slain by a two-headed ogre

Vault maps used:
D:1:      sevenhm_arrival_forest_fort_small_3
D:2:      nicolae_overflow_crystal_walls, cheibriados_altar_1
D:3:      first_bread
D:4:      overflow_temple_1_default, gammafunk_temple_overflow_elements,
          gup_sewer_entry_bowl, nicolae_ru_great_annihilating_truth,
          uniq_natasha, uniq_grinder
D:5:      kennysheep_mini_moat, doesnt_xom_only_xom, bloody_makhleb
D:6:      hangedman_cross_stitches, lemuel_crystal_altar,
          overflow_temple_1_default
D:7:      minmay_temple_entry_fiery
D:8:      old_standard_altar, nicolae_gozag_seed_capital,
          amethyst_overflow_temple_binary
Temple:   pf_slimified_temple
Sewer:    kennysheep_door_sewer

Skill      XL: |  1  2  3  4  5  6  7  8  9 |
---------------+----------------------------+-----
Earth Magic    | 4 5 7 8 9 10 12 | 12.7
Conjurations   | 2 3 |  3.2
Fighting       | 2 4 |  4.3
Invocations    | 5 8 |  8.8
Dodging        | |  1.5
Stealth        | |  2.1
Spellcasting   | |  2.0
Transmutations | |  0.7

Action                   |  1- 3 |  4- 6 |  7- 9 | 10-12 || total
-------------------------+-------+-------+-------+-------++-------
Melee: Spear             |   140 |   129 |    55 |       ||   324
       Unarmed           |    10 |       |       |       ||    10
       Mace              |       |       |   121 |       ||   121
       Whip              |       |       |    48 |   118 ||   166
       Great mace        |       |       |     7 |       ||     7
Throw: Stone             |       |       |     1 |       ||     1
 Cast: Sandblast         |    10 |    46 |   111 |     2 ||   169
Evoke: Wand              |       |       |     3 |       ||     3
  Use: Scroll            |       |     6 |    11 |       ||    17
       Potion            |       |       |     1 |       ||     1
 Stab: Sleeping          |     7 |     6 |     3 |     1 ||    17
       Paralysed         |       |       |     2 |       ||     2
  Eat: Chunk             |     2 |     4 |     5 |     1 ||    12
Armor: Robe              |    35 |    60 |    88 |       ||   183
       Troll leather arm |       |       |    62 |    78 ||   140
Dodge: Dodged            |    86 |    81 |   228 |    73 ||   468
